 Dungeon Crawl Stone Soup version 0.30-a0-469-g84de5afbc5 (webtiles) character file.

Game seed: 2276534059616435978

105 Juicyj the Shield-Bearer (level 4, 0/39 (40) HPs)
             Began as a Minotaur Fighter on Dec 19, 2022.
             Succumbed to Crazy Yiuf's poison
             ... on level 2 of the Dungeon.
             The game lasted 00:01:43 (1547 turns).

Juicyj the Shield-Bearer (Minotaur Fighter)         Turns: 1547, Time: 00:01:43

HP:   0/39 (40)     AC:  8    Str: 20 (21) XL:     4   Next: 54%
MP:   3/3           EV: 14    Int:  3 (5)  God:
Gold: 69            SH:  4    Dex:  9 (11) Spells: 3/3 levels left

rFire   . . .      SeeInvis .    a - +0 trident
rCold   . . .      Faith    .    c - +0 buckler
rNeg    . . .      Spirit   .    b - +1 scale mail
rPois   .          Reflect  .    (helmet restricted)
rElec   .          Harm     .    (no cloak)
rCorr   .          Rampage  .    (no gloves)
Will    .....                    (no boots)
Stlth   ..........               (no amulet)
HPRegen 0.26/turn                (no ring)
MPRegen 0.08/turn                (no ring)

@: agile, lethally poisoned (0 -> -9), lightly drained
A: horns 2, retaliatory headbutt
a: no special abilities


You were on level 2 of the Dungeon.
You visited 1 branch of the dungeon, and saw 2 of its levels.

You collected 69 gold pieces.

Inventory:

Hand Weapons
 a - a +0 trident (weapon)
Missiles
 i - 2 datura-tipped darts (quivered)
Armour
 b - a +1 scale mail (worn)
 c - a +0 buckler (worn)
Jewellery
 k - a ring of wizardry
Potions
 d - 2 potions of might
 e - a potion of resistance


   Skills:
 + Level 4.1 Fighting
 + Level 4.0 Polearms
 + Level 4.4 Armour
 + Level 0.2 Dodging
 + Level 4.4 Shields


You had 3 spell levels left.
You didn't know any spells.
Your spell library contained the following spells:

 Spells                   Type           Power      Damage    Failure   Level
 Kiss of Death            Conj/Necr      0%         2d5       91%         1
 Confusing Touch          Hex            0%         N/A       100%        3
 Dispel Undead            Necr           0%         3d6       100%        4
 Summon Ice Beast         Ice/Summ       0%         N/A       100%        4
 Summon Mana Viper        Hex/Summ       0%         N/A       100%        5
 Monstrous Menagerie      Summ           0%         N/A       100%        7


Dungeon Overview and Level Annotations

Branches:
Dungeon (2/15)

Altars:

Shops:
D:2 *

Annotations:
D:2 Crazy Yiuf


Innate Abilities, Weirdness & Mutations

You have a pair of horns on your head.
You reflexively headbutt those who attack you in melee.


Message History

You barely miss the frilled lizard.
The frilled lizard barely misses you. x2
You furiously retaliate!
You headbutt the frilled lizard.
You kill the frilled lizard!
No target in view!
No target in view!
Found a stone staircase leading up.
Key pressed, stopping explore.
Failed to move towards target.
Could not explore, unopened runed door.
Failed to move towards target.
Failed to move towards target.
Failed to move towards target.
You open the door.
Crazy Yiuf grits, "Pitchfork!
Defame head King."
You puncture Crazy Yiuf! Your headbutt misses Crazy Yiuf.
Crazy Yiuf is heavily wounded.
Crazy Yiuf hits you with a +3 quarterstaff of chaos.
You feel drained.
You hit Crazy Yiuf.
Crazy Yiuf is heavily wounded.
Crazy Yiuf hits you with a +3 quarterstaff of chaos!
You are poisoned.
You hit Crazy Yiuf.
Crazy Yiuf is severely wounded.
You feel very sick.
Crazy Yiuf hits you with a +3 quarterstaff of chaos!
* * * LOW HITPOINT WARNING * * *
You feel agile all of a sudden.
You are too injured to fight recklessly!
You are too injured to fight recklessly!
You are too injured to fight recklessly!
You are too injured to fight recklessly!
You barely miss Crazy Yiuf.
Crazy Yiuf is severely wounded.
* * * LOW HITPOINT WARNING * * *
You feel very sick.
Crazy Yiuf drinks a potion.
Crazy Yiuf is healed!
You hit Crazy Yiuf.
Crazy Yiuf is moderately wounded.
You die...

#####.......#
#.....
####...........#
#.....
#....######....#
#..... ##.####
###### #.....
#..# #..... #.##
###### #.#####
**### #...#.##
###..)#
#.....P####@g...#
##......#..##...#
##.#..#.###**###
########


You could see Crazy Yiuf.

Vanquished Creatures
  Jessica (D:2)
  Robin (D:2)
  An adder (D:2)
  2 dart slugs
  A ball python (D:2)
  6 bats
  5 endoplasms
  3 giant cockroaches
  11 goblins
  6 hobgoblins
  4 kobolds
  2 quokkas
  7 frilled lizards
  A rat (D:1)
51 creatures vanquished.

Notes
Turn   | Place    | Note
-------+----------+-------------------------------------------
     0 | D:1      | Juicyj the Minotaur Fighter began the quest for the Orb.
     0 | D:1      | Reached XP level 1. HP: 19/19 MP: 0/0
   171 | D:1      | Reached XP level 2. HP: 20/27 MP: 1/1
   855 | D:2      | Noticed Jessica
   857 | D:2      | Reached XP level 3. HP: 33/33 MP: 2/2
   863 | D:2      | Killed Jessica
   891 | D:2      | Found Cinilo Hino's Assorted Antiques.
   936 | D:2      | Found a runed translucent door.
   937 | D:2      | Noticed Crazy Yiuf
   977 | D:2      | Reached XP level 4. HP: 40/40 MP: 3/3
  1212 | D:2      | Noticed Robin
  1237 | D:2      | Killed Robin
  1546 | D:2      | HP: 1/39 [poisoned by Crazy Yiuf]
  1547 | D:2      | Succumbed to Crazy Yiuf's poison

Illustrated notes

Levels and vault maps discovered:
D:1:      eino_arrival_cavern_a, layout_rooms, patterned_corridor
D:2:      cheibrodos_helix_gallery, layout_basic, serial_shops, shop,
          uniq_jessica, uniq_robin, uniq_crazy_yiuf_cottage

Skill      XL: |  1  2  3  4 |
---------------+-------------+-----
Shields        | 4 |  4.4
Armour         | 4 |  4.4
Fighting       | 4 |  4.1
Polearms       | 3 4 |  4.0
Dodging        | |  0.2

Action                   |  1- 3 |  4- 6 || total
-------------------------+-------+-------++-------
Melee: Trident           |    66 |    60 ||   126
       Headbutt          |     5 |     4 ||     9
  Use: Scroll            |     2 |     2 ||     4
       Potion            |     1 |     3 ||     4
Armor: Scale mail        |    20 |    30 ||    50
Dodge: Dodged            |    26 |    23 ||    49
Block: Buckler           |     8 |    10 ||    18

Table legend: (Time is in decaauts)
 A = Elapsed time spent in this place.
 B = Non-inter-level travel time spent in this place.
 C = Inter-level travel time spent in this place.
 D = Time resting spent in this place.
 E = Time spent auto-exploring this place.
 F = Levels seen in this place.
 G = Mean time per level.
                   A        B        C        D        E       F      G
               +--------+--------+--------+--------+--------+-----+--------+
         Total |   1570 |   1568 |      2 |     78 |   1186 |   2 |  785.0 |
       Dungeon |   1570 |   1568 |      2 |     78 |   1186 |   2 |  785.0 |
               +--------+--------+--------+--------+--------+-----+--------+

Top non-repeatable levels by time:
     D:2: 852 daAuts
     D:1: 718 daAuts
